 Dungeon Crawl Stone Soup version 0.28-a0-1594-ga885d4b3d6 (webtiles) character file.

Game seed: 4638442014200460366

9209 enile the Geomancer (level 11, -5/93 HPs)
             Began as a Formicid Wanderer on Jan 21, 2022.
             Was a High Priest of Wu Jian.
             Slain by a nine-headed hydra (14 damage)
             ... on level 10 of the Dungeon.
             The game lasted 00:37:19 (16811 turns).

enile the Geomancer (Formicid Wanderer)            Turns: 16811, Time: 00:37:20

Health: -5/93      AC:  7    Str: 15    XL:     11   Next: 70%
Magic:  17/17      EV: 11    Int: 16    God:    Wu Jian [*****.]
Gold:   530        SH:  0    Dex: 12    Spells: 7/18 levels left

rFire   x . .      SeeInvis +   s - +5 battleaxe (venom)
rCold   + . .      Faith    .   (no shield)
rNeg    . . .      Spirit   .   K - +0 troll leather armour
rPois   .          Reflect  .   (helmet unavailable)
rElec   .          Harm     .   I - scarf {repulsion}
rCorr   +          Rampage  .   d - +0 pair of gloves
Will    +....                   f - +0 pair of boots
Stlth   +++.......              D - amulet of magic regeneration
HPRegen 1.05/turn               E - ring of ice
MPRegen 0.55/turn               r - ring of resist corrosion

@: repel missiles
A: permanent stasis, dig shafts and tunnels, antennae 3, four strong arms
a: Dig, Shaft Self, Renounce Religion, Wall Jump, Serpent's Lash, Heavenly Storm


You were on level 10 of the Dungeon.
You worshipped Wu Jian.
Wu Jian was extremely pleased with you.
You visited 1 branch of the dungeon, and saw 12 of its levels.

You collected 530 gold pieces.

Inventory:

Hand Weapons
 a - a +0 club
 j - a +0 hand axe
 k - a +4 whip of electrocution
 s - a +5 battleaxe of venom (weapon)
 O - a +2 morningstar of distortion
Missiles
 b - 377 stones (quivered)
 v - 48 poisoned darts
Armour
 c - a +0 leather armour
 d - a +0 pair of gloves (worn)
 f - a +0 pair of boots (worn)
 h - a +0 cloak
 p - a +0 scale mail
 q - a +0 plate armour
 C - a +1 leather armour of willpower
 I - a scarf of repulsion (worn)
 K - a +0 troll leather armour (worn)
Jewellery
 g - a ring of fire
 r - a ring of resist corrosion (right hand)
 D - an amulet of magic regeneration (around neck)
 E - a ring of ice (left hand)
Wands
 n - a wand of polymorph (12)
 o - a wand of flame (9)
 G - a wand of paralysis (10)
 J - a wand of acid (4)
 M - a wand of charming (1)
Scrolls
 m - 8 scrolls of teleportation
 u - 2 scrolls of fear
 x - a scroll of amnesia
 y - a scroll of vulnerability
 z - a scroll of fog
 H - a scroll of identify
 N - a scroll of brand weapon
 P - a scroll of enchant armour
Potions
 e - 3 potions of invisibility {unknown}
 i - a potion of resistance
 l - a potion of flight
 t - 5 potions of curing {unknown}
 w - a potion of ambrosia {unknown}
 A - a potion of lignification {unknown}
 B - a potion of might {unknown}
 F - a potion of heal wounds {unknown}
 L - a potion of berserk rage {unknown}


   Skills:
 - Level 11.0 Fighting
 - Level 4.5(5.0) Axes
 - Level 3.0(4.2) Maces & Flails
 - Level 4.0 Armour
 + Level 0.0 Dodging
 - Level 6.0 Stealth
 - Level 4.0 Spellcasting
 - Level 1.0 Conjurations
 - Level 5.0 Translocations
 - Level 12.6 Earth Magic
 - Level 3.0 Evocations


You had 7 spell levels left.
You knew the following spells:

 Your Spells              Type           Power      Damage    Failure   Level
a - Sandblast             Erth           86%        2d18      1%          1
b - Stone Arrow           Conj/Erth      50%        3d10      3%          3
c - Teleport Other        Tloc           19%        N/A       8%          3
d - Petrify               Tmut/Erth      23%        N/A       16%         4

Your spell library contained the following spells:

 Spells                   Type           Power      Damage    Failure   Level
 Apportation              Tloc           38%        N/A       2%          1
 Animate Armour           Summ/Erth      46%        N/A       16%         4
 Sting                    Tmut/Pois      12%        1d3       21%         1
 Ensorcelled Hibernation  Hex/Ice        8%         N/A       30%         2
 Poisonous Vapours        Pois/Air       6%         N/A       30%         2
 Sublimation of Blood     Necr           3%         N/A       30%         2
 Ozocubu's Armour         Ice            4%         N/A       52%         3
 Spider Form              Tmut/Pois      3%         N/A       52%         3
 Iron Shot                Conj/Erth      12%        9d3       89%         6
 Anguish                  Hex/Necr       1%         N/A       90%         4
 Olgreb's Toxic Radiance  Pois           3%         N/A       90%         4
 Iskenderun's Battlesphe  Conj           6%         2d6       98%         5
 Blade Hands              Tmut           1%         N/A       99%         5
 Irradiate                Conj/Tmut      2%         3d14      99%         5
 Ozocubu's Refrigeration  Ice            2%         4d5       100%        7
 Spellforged Servitor     Conj/Summ      2%         N/A       100%        7


Dungeon Overview and Level Annotations

Branches:
Dungeon (12/15)            Temple (0/1) D:6            Lair (0/6) D:10
    Orc: D:9-12

Altars:
Vehumet
Wu Jian
Beogh

Shops:
D:3 :

Annotations:
D:10 2 transporters


Innate Abilities, Weirdness & Mutations

You cannot be hasted, slowed, berserked, paralysed or teleported.
You can dig through walls and to a lower floor.
You have a pair of large antennae on your head. (SInv)
Your four strong arms can wield two-handed weapons with a shield.


Message History

You see here a +0 robe.
Found an escape hatch in the ceiling.
There is an escape hatch in the ceiling here.
The eight-headed hydra barely misses you.
The eight-headed hydra bites you!
The eight-headed hydra bites you but does no damage.
The eight-headed hydra bites you.
The eight-headed hydra barely misses you.
The eight-headed hydra bites you. x3
A mysterious force pulls you upwards. The hatch slams shut behind you.
Level annotation: 2 transporters You spin and attack the eight-headed hydra.
You chop one of the eight-headed hydra's heads off!
The seven-headed hydra grows two more!
You hit the nine-headed hydra.
The nine-headed hydra is lightly wounded.
The nine-headed hydra bites you. The nine-headed hydra bites you! x2
The nine-headed hydra bites you but does no damage.
The nine-headed hydra closely misses you. x2
The nine-headed hydra bites you. The nine-headed hydra bites you! x2
* * * LOW HITPOINT WARNING * * *
There is nothing to wall jump against here.
There is nothing to wall jump against here.
There is nothing to wall jump against here.
There is a stone staircase leading up here.
There is nothing to wall jump against here.
Aiming: Wall Jump
Press: ? - help, Dir - move target The nine-headed hydra bites you.
The nine-headed hydra bites you! x3
The nine-headed hydra bites you but does no damage.
The nine-headed hydra closely misses you.
The nine-headed hydra bites you but does no damage.
The nine-headed hydra bites you!
* * * LOW HITPOINT WARNING * * *
The nine-headed hydra bites you!
* * * LOW HITPOINT WARNING * * *
The nine-headed hydra bites you!
* * * LOW HITPOINT WARNING * * *
The nine-headed hydra bites you but does no damage.
The nine-headed hydra bites you!
You die...

# #.# #..# #.#
#...# # #.#
#..# #.# #...#
# #.# #..# #.#
#...# # #.#
#..#
#.######...####
#######.# #..#
#..............
........# #..#
#.)............
#######.# #..#
#>#######.#####
#.# #..####.#
#.#
#.#####..D@...#
#.#
#........###..#
#.# #.<......#
#..# #.#
#........# #..#
#.# #..####..#
#..# #o# #..#
#..# #..# #.#
#..# #..# #..#
#.# #..# #..#
#..# #.# #..#
#..# #..# #.#


You could see a nine-headed hydra.

Vanquished Creatures
  2 two-headed ogres
  Nergalle (D:10)
  Maurice (D:10)
  2 komodo dragons (D:10)
  A troll (D:10)
  Sigmund (D:5)
  10 yaks (D:10)
  3 wraiths
  A basilisk (D:12)
  An acid dragon (D:7)
  2 water moccasins
  6 orc warriors
  A black bear (D:10)
  A necrophage (D:6)
  4 centaurs
  4 kobold brigands
  A bullfrog (D:6)
  A gnoll sergeant (D:7)
  2 scorpions
  A killer bee (D:9)
  5 wights (D:7)
  8 crimson imps (D:8)
  4 howler monkeys (D:8)
  A bullfrog zombie (D:6)
  3 centaur zombies
  3 hounds
  3 orc priests
  3 bullfrog skeletons
  4 centaur skeletons
  3 iguanas
  16 orc wizards
  A killer bee zombie (D:7)
  2 hound skeletons (D:4)
  A howler monkey zombie (D:6)
  10 gnolls
  5 adders
  2 shadow imps
  A white imp (D:8)
  An ufetubus (D:7)
  A dart slug (D:1)
  56 orcs
  4 bats
  5 endoplasms
  6 giant cockroaches
  4 goblins
  10 hobgoblins
  3 jackals (D:1)
  A quokka (D:4)
  13 ball pythons
  2 frilled lizards
  22 kobolds
  5 rats
254 creatures vanquished.

Vanquished Creatures (others)
  A kobold (D:8)
  6 fungi (D:10)
  26 plants
33 creatures vanquished.

Grand Total: 287 creatures vanquished

Notes
Turn   | Place    | Note
-------+----------+-------------------------------------------
     0 | D:1      | enile the Formicid Wanderer began the quest for the Orb.
     0 | D:1      | enile set off with the following items: a +0 club, 33
                  | stones, a +0 leather armour, a +0 pair of gloves; and the
                  | following spells available to memorise: Sandblast,
                  | Apportation, Stone Arrow, Teleport Other, Petrify
     0 | D:1      | Reached XP level 1. HP: 13/13 MP: 2/2
   601 | D:1      | Reached skill level 1 in Fighting
   774 | D:1      | Reached XP level 2. HP: 20/21 MP: 3/3
  1134 | D:1      | Learned a level 1 spell: Sandblast
  1310 | D:1      | Reached XP level 3. HP: 28/28 MP: 2/4
  1552 | D:1      | Found a faded altar of an unknown god.
  1685 | D:1      | Prayed at the altar of an unknown god.
  1685 | D:1      | Became a worshipper of the Wu Jian Council
  1685 | D:1      | Reached * piety under Wu Jian
  2379 | D:2      | Reached XP level 4. HP: 13/34 MP: 0/7
  2678 | D:2      | Learned a level 3 spell: Stone Arrow
  3986 | D:3      | Found Peumoeteo's Book Boutique.
  4015 | D:3      | Reached XP level 5. HP: 36/41 MP: 0/9
  4379 | D:3      | Reached ** piety under Wu Jian
  5317 | D:4      | Reached XP level 6. HP: 47/47 MP: 6/10
  5547 | D:3      | Reached skill level 7 in Earth Magic
  5551 | D:3      | Learned a level 3 spell: Teleport Other
  5580 | D:3      | Reached skill level 1 in Conjurations
  6058 | D:4      | Reached skill level 1 in Maces & Flails
  6058 | D:4      | Reached XP level 7. HP: 45/54 MP: 3/11
  7115 | D:5      | Entered Level 5 of the Dungeon
  7121 | D:5      | Reached skill level 5 in Fighting
  7399 | D:5      | Found a radiant altar of Vehumet.
  7449 | D:5      | Noticed Sigmund
  7456 | D:5      | Killed Sigmund
  7457 | D:5      | Reached skill level 8 in Earth Magic
  7457 | D:5      | Reached XP level 8. HP: 52/62 MP: 2/12
  8058 | D:6      | Reached skill level 9 in Earth Magic
  8555 | D:6      | Reached skill level 10 in Earth Magic
  8710 | D:6      | Reached skill level 1 in Evocations
  8915 | D:6      | Reached XP level 9. HP: 68/69 MP: 3/13
  9397 | D:6      | Found a staircase to the Ecumenical Temple.
  9850 | D:6      | Found a runed translucent door.
 10558 | D:6      | Reached *** piety under Wu Jian
 10803 | D:6      | Reached skill level 5 in Stealth
 11779 | D:7      | Noticed a two-headed ogre
 11806 | D:7      | Killed a two-headed ogre
 11910 | D:7      | Reached XP level 10. HP: 79/79 MP: 1/16
 11913 | D:7      | Reached skill level 11 in Earth Magic
 13273 | D:8      | Reached **** piety under Wu Jian
 13336 | D:8      | Learned a level 4 spell: Petrify
 13807 | D:8      | Reached skill level 5 in Translocations
 13896 | D:8      | Reached skill level 1 in Axes
 14423 | D:9      | You fall into a shaft and drop 1 floor!
 14423 | D:10     | Entered Level 10 of the Dungeon
 15050 | D:10     | Noticed Nergalle
 15306 | D:11     | Noticed an eight-headed hydra
 15328 | D:11     | You fall into a shaft and drop 1 floor!
 15335 | D:12     | Reached XP level 11. HP: 80/84 MP: 17/17
 15377 | D:12     | Reached skill level 10 in Fighting
 15584 | D:10     | Killed Nergalle
 15805 | D:10     | Reached ***** piety under Wu Jian
 15900 | D:10     | Found a transporter.
 15901 | D:10     | Found a transporter.
 15901 | D:10     | Noticed a boulder beetle
 15988 | D:10     | Found a staircase to the Lair.
 16069 | D:10     | Noticed Maurice
 16080 | D:10     | Killed Maurice
 16332 | D:11     | Noticed a two-headed ogre
 16343 | D:11     | Killed a two-headed ogre
 16344 | D:11     | Reached skill level 12 in Earth Magic
 16421 | D:11     | Noticed a cyclops
 16681 | D:11     | HP: 2/93 [eight-headed hydra (3)]
 16811 | D:10     | Slain by a nine-headed hydra

Illustrated notes

Levels and vault maps discovered:
D:1:      eino_arrival_tree_alley, layout_loops_ring,
          dreamdust_ecumenical_altar_angels_and_demons, serial_co_window_serial,
          co_window_of_opportunity_a, co_window_cross_1, co_window_corner_a,
          co_window_paths_a, co_window_cross_1, co_window_unsneaky_path_b,
          co_window_paths_c, co_window_paths_c, glass_columns_b,
          glass_columns_a, glass_columns_a, glass_columns_b, glass_columns_a,
          columned_hall_lemuel, hangedman_decor_points, minmay_indecisive_spiral
D:2:      layout_basic
D:3:      layout_loops_ring, serial_shops, shop, minmay_misc_feat_rugged,
          chequers_serial_rivers_room_b
D:4:      nicolae_cairo_tiling_large, layout_basic
D:5:      layout_basic, vehumet_crystals, st_stairs_1, uniq_sigmund
D:6:      layout_basic, minmay_temple_entry_overgrown, st_stairs_7,
          interstate_on_off, nicolae_concentric_dashed_squares_mild,
          lightli_church_of_beogh
D:7:      layout_cave_pools, hangedman_abyss_or_decor_stagger
D:8:      nicolae_cairo_tiling_large_dashed, layout_rooms, minmay_nine_imps
D:9:      layout_rooms, david_orc_5, serial_aquarium, aquarium_bridge_square
          [aquarium_subvault_bridge, aquarium_subvault_bridge,
          aquarium_subvault_bridge, aquarium_subvault_balcony],
          aquarium_window_corner, aquarium_window_fake, aquarium_window_fake,
          aquarium_view_2f, aquarium_view_2c, aquarium_balcony_1b,
          aquarium_pool_four, uniq_gastronok
D:10:     gammafunk_boulding_lane, layout_long_grid,
          grunt_lair_entry_orc_guard_hut, uniq_maurice, uniq_nergalle
D:11:     layout_irregular_city, serial_bayou_lake_a
D:12:     layout_roguey, uniq_psyche, uniq_sonja

Skill      XL: |  1  2  3  4  5  6  7  8  9 10 11 |
---------------+----------------------------------+-----
Fighting       | 1 2 3 4 5 6 7 9 11 | 11.0
Armour         | 2 3 4 |  4.0
Spellcasting   | 2 3 4 |  4.0
Translocations | 2 4 5 |  5.0
Earth Magic    | 7 8 10 11 12 | 12.6
Conjurations   | 1 |  1.0
Maces & Flails | 1 2 3 |  3.0
Evocations     | 1 3 |  3.0
Stealth        | 2 5 6 |  6.0
Axes           | 2 4 |  4.5

Action                   |  1- 3 |  4- 6 |  7- 9 | 10-12 || total
-------------------------+-------+-------+-------+-------++-------
Melee: Club              |    98 |       |       |       ||    98
       Punch             |     3 |     1 |       |     5 ||     9
       Hand axe          |     4 |    27 |       |       ||    31
       Whip              |       |    15 |   219 |    17 ||   251
       Battleaxe         |       |       |       |   163 ||   163
Throw: Stone             |       |     1 |       |       ||     1
       Throwing net      |       |       |     1 |       ||     1
 Cast: Sandblast         |    27 |     8 |    30 |    28 ||    93
       Stone Arrow       |       |    41 |    63 |    66 ||   170
       Petrify           |       |       |       |    12 ||    12
       Teleport Other    |       |       |       |     1 ||     1
Invok: Lunge             |     1 |     1 |     5 |     5 ||    12
       Whirlwind         |       |       |     1 |     4 ||     5
 Abil: Wall Jump         |       |       |     1 |     8 ||     9
       Shaft Self        |       |       |       |     2 ||     2
Evoke: Wand              |       |       |       |     2 ||     2
  Use: Scroll            |     1 |     1 |     8 |     7 ||    17
       Potion            |     1 |     1 |       |       ||     2
 Stab: Sleeping          |     1 |       |     1 |     1 ||     3
       Petrified         |       |       |       |     4 ||     4
       Paralysed         |       |       |       |     2 ||     2
Armor: Leather armour    |    65 |    11 |    81 |    56 ||   213
       Plate armour      |       |     7 |       |       ||     7
       Troll leather arm |       |       |       |    50 ||    50
Dodge: Dodged            |   103 |    33 |   140 |   161 ||   437

Table legend: (Time is in decaauts)
 A = Elapsed time spent in this place.
 B = Non-inter-level travel time spent in this place.
 C = Inter-level travel time spent in this place.
 D = Time resting spent in this place.
 E = Time spent auto-exploring this place.
 F = Levels seen in this place.
 G = Mean time per level.
                   A        B        C        D        E       F      G
               +--------+--------+--------+--------+--------+-----+--------+
         Total |  16948 |  16578 |    370 |   1461 |  12487 |  12 | 1412.3 |
       Dungeon |  16948 |  16578 |    370 |   1461 |  12487 |  12 | 1412.3 |
               +--------+--------+--------+--------+--------+-----+--------+

Top non-repeatable levels by time:
     D:6: 3645 daAuts
     D:3: 2036 daAuts
     D:1: 1951 daAuts
     D:2: 1881 daAuts
    D:10: 1479 daAuts
     D:7: 1418 daAuts
     D:4: 1290 daAuts
     D:5: 1086 daAuts
     D:8: 933 daAuts
    D:11: 734 daAuts
     D:9: 264 daAuts
    D:12: 226 daAuts
